 Dungeon Crawl Stone Soup version 0.30-a0-715-gdb4ae3ece1 (webtiles) character file.

Game seed: 2851148740584537961

100 octoduck the Caller (level 4, 0/24 HPs)
             Began as a Tengu Summoner on Jan 24, 2023.
             Killed from afar by an orc wizard (6 damage)
             ... with a magic dart
             ... on level 3 of the Dungeon.
             The game lasted 00:07:11 (2455 turns).

octoduck the Caller (Tengu Summoner)                Turns: 2455, Time: 00:07:12

Health: 0/24       AC:  4    Str:  9    XL:     4   Next: 73%
Magic:  7/8        EV: 12    Int: 17    God:
Gold:   158        SH:  0    Dex: 14    Spells: 1/7 levels left

rFire   . . .      SeeInvis .    k - +1 dagger (venom)
rCold   . . .      Faith    .    (no shield)
rNeg    . . .      Spirit   .    a - +0 robe
rPois   +          Reflect  .    (helmet restricted)
rElec   .          Harm     .    h - +1 cloak {rPois}
rCorr   .          Rampage  .    (no gloves)
Will    .....                    (boots unavailable)
Stlth   +                        (no amulet)
HPRegen 0.24/turn                (no ring)
MPRegen 0.11/turn                (no ring)

@: confused, invisible
A: beak, talons 3
a: no special abilities


You were on level 3 of the Dungeon.
You visited 1 branch of the dungeon, and saw 3 of its levels.

You collected 158 gold pieces.

Inventory:

Hand Weapons
 e - a +0 short sword
 k - a +1 dagger of venom (weapon)
Armour
 a - a +0 robe (worn)
 d - a +0 leather armour
 h - a +1 cloak of poison resistance (worn)
Wands
 c - a wand of quicksilver (8)
Scrolls
 g - a scroll of brand weapon
 l - a scroll of fear {unknown}
 o - a scroll of magic mapping {unknown}
Potions
 b - a potion of magic
 i - 2 potions of brilliance
 j - a potion of haste {unknown}
 m - 2 potions of lignification {unknown}
 n - a potion of curing {unknown}


   Skills:
 - Level 2.1 Dodging
 - Level 2.0 Stealth
 - Level 2.0 Spellcasting
 + Level 7.2 Summonings


You had one spell level left.
You knew the following spells:

 Your Spells              Type           Power      Damage    Failure   Level
a - Summon Small Mammal   Summ           100%       N/A       1%          1
b - Call Imp              Summ           26%        N/A       1%          2
c - Call Canine Familiar  Summ           26%        N/A       3%          3

Your spell library contained the following spells:

 Spells                   Type           Power      Damage    Failure   Level
 Summon Guardian Golem    Hex/Summ       13%        N/A       13%         3
 Summon Lightning Spire   Summ/Air       13%        N/A       41%         4
 Gell's Gravitas          Tloc           1%         N/A       50%         3
 Ignite Poison            Fire/Tmut/Pois 1%         N/A       50%         3
 Teleport Other           Tloc           1%         N/A       50%         3
 Sticky Flame             Conj/Fire      1%         2d3       88%         4
 Dispersal                Tloc           0%         N/A       100%        6
 Ignition                 Fire           0%         3d3       100%        8


Dungeon Overview and Level Annotations

Branches:
Dungeon (3/15)

Altars:
Xom

Annotations:
D:3 Terence


Innate Abilities, Weirdness & Mutations

You have a beak for a mouth.
You have claws for feet.


Message History

Your quokka bites the ball python.
You hit the ball python.
You kill the ball python!
The orc wizard closely misses your quokka.
The orc hits you with a +0 whip.
You hit the orc.
The orc is poisoned.
You claw the orc.
You kill the orc!
Your quokka bites the orc wizard but does no damage.
The orc wizard hits your quokka with a +0 dagger.
Your quokka dies!
Your quokka's corpse disappears in a puff of smoke!
Your iron imp misses the orc wizard.
The orc wizard shouts!
The orc wizard hits you but does no damage.
Items here: )) [ ††.
You hit the orc wizard.
The orc wizard is poisoned.
You claw the orc wizard.
You peck the orc wizard, but do no damage.
The orc wizard is heavily wounded.
Your iron imp barely misses the orc wizard.
The orc wizard points at you and mumbles some strange words.
You are confused.
Are you sure you want to stumble around while confused and next to your iron imp?
Okay, then.
The orc wizard gestures at you while chanting.
The magic dart hits you!
Your iron imp hits the orc wizard but does no damage.
The orc wizard mumbles some strange words.
The orc wizard flickers and vanishes!
Deactivating autopickup; reactivate with Ctrl-A.
Something hits you.
* * * LOW HITPOINT WARNING * * *
What are your orders? t - Shout!
Anything else - Cancel.
Okay, then.
Unknown command.
You fade into invisibility!
You hear some strange, mumbled words.
A magic dart appears from out of thin air!
The magic dart hits you.
You die...

#. #########.. #.
#........># #.
#.........# #.
#.........### ####.
#............ .....
#######.....)...###
####.
#..†......)5{......
##
#.#####....@....###
#.# #..#.)......#
#.# #..#.####.#.#
#.# ....... .(#.#
#†# ######.####.#.#
###### #.#
..#....#.# ......
#.##########.##.#.#
......
#...†.............#
######
############.##.###
#.#


You could see a friendly iron imp (summoned).

Vanquished Creatures
  An adder (D:3)
  A dart slug (D:1)
  3 orcs (D:3)
  An endoplasm (D:1)
  A giant cockroach (D:3)
  A goblin (D:1)
  2 hobgoblins
  2 jackals (D:1)
  2 kobolds
  A quokka (D:2)
  A ball python (D:3)
  2 bats
  A frilled lizard (D:2)
19 creatures vanquished.

Vanquished Creatures (collateral kills)
  3 adders
  A dart slug (D:1)
  2 orcs
  A bat (D:2)
  3 endoplasms
  A giant cockroach (D:2)
  A goblin (D:3)
  A hobgoblin (D:2)
  3 jackals (D:2)
  2 quokkas (D:2)
  6 ball pythons
  6 kobolds
  3 rats (D:1)
33 creatures vanquished.

Grand Total: 52 creatures vanquished

Notes
Turn   | Place    | Note
-------+----------+-------------------------------------------
     0 | D:1      | octoduck the Tengu Summoner began the quest for the Orb.
     0 | D:1      | Reached XP level 1. HP: 10/10 MP: 4/4
    33 | D:1      | Reached skill level 5 in Summonings
    89 | D:1      | Reached XP level 2. HP: 12/15 MP: 3/6
   785 | D:2      | Learned a level 2 spell: Call Imp
   865 | D:2      | Reached XP level 3. HP: 19/19 MP: 4/7
   973 | D:2      | Reached skill level 6 in Summonings
  1872 | D:3      | Reached XP level 4. HP: 24/24 MP: 3/8
  1914 | D:3      | Learned a level 3 spell: Call Canine Familiar
  2198 | D:3      | Noticed Terence
  2247 | D:3      | Found a shimmering altar of Xom.
  2432 | D:3      | Reached skill level 7 in Summonings
  2455 | D:3      | Killed from afar by an orc wizard

Illustrated notes

Levels and vault maps discovered:
D:1:      tarquinn_simple_flora_water_a, layout_basic
D:2:      layout_basic, dreamdust_mushroom_princess
D:3:      layout_basic, amcnicky_altar_gilded, serial_shops,
          nicolae_lakefront_shop, uniq_terence

Skill      XL: |  1  2  3  4 |
---------------+-------------+-----
Summonings     | 5 6 7 |  7.2
Dodging        | |  2.1
Stealth        | |  2.0
Spellcasting   | |  2.0

Action                     |  1- 3 |  4- 6 || total
---------------------------+-------+-------++-------
  Melee: Unarmed           |     5 |       ||     5
         Kick              |    12 |     4 ||    16
         Short sword       |    23 |       ||    23
         Peck              |     3 |     4 ||     7
         Dagger            |       |    16 ||    16
   Cast: Summon Small Mamm |    41 |     9 ||    50
         Call Imp          |     8 |     5 ||    13
    Use: Scroll            |     8 |       ||     8
         Potion            |       |     1 ||     1
 Armour: Robe              |     6 |     4 ||    10
  Dodge: Dodged            |    27 |    13 ||    40

Table legend: (Time is in decaauts)
 A = Elapsed time spent in this place.
 B = Non-inter-level travel time spent in this place.
 C = Inter-level travel time spent in this place.
 D = Time resting spent in this place.
 E = Time spent auto-exploring this place.
 F = Levels seen in this place.
 G = Mean time per level.
                   A        B        C        D        E       F      G
               +--------+--------+--------+--------+--------+-----+--------+
         Total |   2453 |   2319 |    134 |    281 |   1513 |   3 |  817.7 |
       Dungeon |   2453 |   2319 |    134 |    281 |   1513 |   3 |  817.7 |
               +--------+--------+--------+--------+--------+-----+--------+

Top non-repeatable levels by time:
     D:2: 1021 daAuts
     D:1: 718 daAuts
     D:3: 713 daAuts
